 Dungeon Crawl Stone Soup version 0.17-a0-1-g1f4be75 (webtiles) character file.

32 Malachi the Charmwright (level 3, 0/36 HPs)
             Began as a High Elf Skald on Feb 27, 2015.
             Slain by Sigmund
             ... wielding a +0 scythe
              (2 damage)
             ... on level 2 of the Dungeon on Mar 5, 2015.
             The game lasted 00:03:17 (1358 turns).

Malachi the Charmwright (High Elf Skald)            Turns: 1358, Time: 00:03:17

Health: 0/36       AC: 21    Str: 11    XL:     3   Next: 10%
Magic:  8/8        EV:  2    Int: 16    God:
Gold:   39         SH:  0    Dex: 15    Spells: 2 memorised, 4 levels left

rFire  . . .     SeeInvis .     a - +0 falchion
rCold  . . .     Clarity  .     b - melded +0 leather armour
rNeg   + + +     SustAb   .     (no shield)
rPois  +         Gourm    .     (helmet currently unavailable)
rElec  .         Spirit   .     (cloak currently unavailable)
rCorr  .         Warding  .     (gloves currently unavailable)
rMut   .         NoTele   +     (boots currently unavailable)
MR     .....                    (no amulet)
Stlth  +.........               (no ring)
                                g - ring of positive energy

@: tree-form, not resistant to hostile enchantments, very unstealthy
A: no striking features
a: no special abilities


You were on level 2 of the Dungeon.
You were hungry.
You were a tree.
You visited 1 branch of the dungeon, and saw 2 of its levels.

You collected 39 gold pieces.

Inventory:

Hand weapons
 a - a +0 falchion (weapon)
Armour
 b - a +0 leather armour (melded)
Jewellery
 g - a ring of positive energy (left branch)
Scrolls
 j - a scroll of identify
 l - 2 scrolls of enchant weapon {unknown}
Potions
 f - a potion of curing
 i - a potion of resistance {unknown}
Books
 c - a book of Battle

   Spells                             Type                      Level
   a - Infusion                       Charms                       1
   b - Shroud of Golubria             Charms/Translocation         2
   c - Song of Slaying                Charms                       2
   d - Spectral Weapon                Hexes/Charms                 3
   e - Regeneration                   Charms/Necromancy            3
Comestibles
 d - a bread ration
 h - a beef jerky
 m - a royal jelly


   Skills:
 + Level 2.1 Fighting
 + Level 2.7 Long Blades
 + Level 1.0 Armour
 + Level 1.3 Dodging
 + Level 2.8 Spellcasting
 + Level 4.4 Charms


You had 4 spell levels left.
You knew the following spells:

 Your Spells              Type           Power        Failure   Level  Hunger
a - Infusion              Chrm           ###...       3%          1    #......
b - Shroud of Golubria    Chrm/Tloc      #.........   14%         2    ##.....


Dungeon Overview and Level Annotations

Branches:
Dungeon (2/15)

Altars:

Annotations:
D:2 Sigmund


Message History

[Y]es or [N]o only, please.
Really abort (and waste the scroll)? [Y]es or [N]o only, please.
Really abort (and waste the scroll)?
Enchant which item? (? for menu, Esc to quit)
Okay, then.
Something hits you but does no damage.
Level annotation: Sigmund Welcome back, Malachi the High Elf Skald.
Press ? for a list of commands and other information.
You cannot move.
You start resting.
Something hits you but does no damage.
Deactivating autopickup; reactivate with Ctrl-A.
You start resting.
Something hits you but does no damage.
You start resting.
Something hits you but does no damage.
You start resting.
Magic restored.
You start resting.
Something hits you but does no damage.
You start resting.
Something hits you.
You die...

#...# #...
#... #..#
#.##..#
#....)###
####..(.#
####.# #♣#
#.###
#...#####..
#.........⌠
#.#.#####..
#.###
#######.##
..........#
#######.##


There were no monsters in sight!

Vanquished Creatures
  A giant mite (D:1)
  An ooze (D:1)
  2 giant cockroaches (D:1)
  2 goblins
  5 hobgoblins (D:1)
  2 bats (D:1)
  A giant newt (D:2)
  6 kobolds (D:1)
  5 rats
25 creatures vanquished.

Notes
Turn   | Place    | Note
--------------------------------------------------------------
     0 | D:1      | Malachi, the High Elf Skald, began the quest for the Orb.
     0 | D:1      | Reached XP level 1. HP: 14/14 MP: 4/4
   105 | D:1      | Reached XP level 2. HP: 9/19 MP: 3/6
   108 | D:1      | Reached skill level 4 in Charms
   739 | D:1      | Reached XP level 3. HP: 21/24 MP: 4/8
  1094 | D:2      | Learned a level 2 spell: Shroud of Golubria
  1296 | D:2      | Reached skill level 1 in Armour
  1324 | D:2      | Noticed Sigmund
  1349 | D:2      | HP: 1/36 [something (5)]
  1352 | D:2      | Upgraded the game from 0.16-a0-4112-g89a4107 to 0.17-a0-1-g1f4be75
  1358 | D:2      | Slain by Sigmund

Action                   || total
-------------------------++-------
Melee: Falchion          ||    67
 Cast: Infusion          ||    13
       Shroud of Golubri ||     2
  Use: Scroll            ||     2
       Potion            ||     1
 Stab: Sleeping          ||     1
  Eat: Chunk             ||     1
